 Dungeon Crawl Stone Soup version 0.30-a0-377-g5cb311bc9f (webtiles) character file.

Game seed: 1082945977383444405

9 Shayle the Conjurer (level 2, 22/22 HPs)
             Began as a Demonspawn Reaver on Nov 28, 2022.
             Quit the game on level 1 of the Dungeon.
             The game lasted 00:00:39 (145 turns).

Shayle the Conjurer (Demonspawn Reaver)              Turns: 145, Time: 00:00:39

Health: 22/22      AC:  3    Str: 12    XL:     2   Next: 3%
Magic:  5/5        EV: 12    Int: 14    God:
Gold:   0          SH:  0    Dex: 17    Spells: 4/5 levels left

rFire   . . .      SeeInvis .    a - +0 hand axe
rCold   + . .      Faith    .    (no shield)
rNeg    . . .      Spirit   .    b - +0 leather armour
rPois   .          Reflect  .    (no helmet)
rElec   .          Harm     .    (no cloak)
rCorr   .          Rampage  .    (no gloves)
Will    .....                    (no boots)
Stlth   ++........               (no amulet)
HPRegen 0.23/turn                g - +6 ring of dexterity
MPRegen 0.09/turn                f - ring of protection from cold

@: no status effects
A: demonic guardian 1
a: no special abilities


You were on level 1 of the Dungeon.
You visited 1 branch of the dungeon, and saw 1 of its levels.

Inventory:

Hand Weapons
 a - a +0 hand axe (weapon)
Armour
 b - a +0 leather armour (worn)
Jewellery
 f - a ring of protection from cold (right hand)
 g - a +6 ring of dexterity (left hand)
Scrolls
 c - a scroll of blinking {unknown}
 e - a scroll of enchant armour {unknown}
Potions
 d - a potion of lignification {unknown}
 h - a potion of ambrosia {unknown}


   Skills:
 + Level 2.3 Fighting
 - Level 2.6 Axes
 + Level 0.6 Armour
 - Level 1.7 Dodging
 + Level 0.8 Stealth
 - Level 2.0 Spellcasting
 - Level 3.0 Conjurations


You had 4 spell levels left.
You knew the following spells:

 Your Spells              Type           Power      Damage    Failure   Level
a - Kiss of Death         Conj/Necr      20%        2d7       16%         1

Your spell library contained the following spells:

 Spells                   Type           Power      Damage    Failure   Level
 Momentum Strike          Conj/Tloc      10%        3d8       24%         2
 Hailstorm                Conj/Ice       5%         3d4       43%         3


Dungeon Overview and Level Annotations

Branches:
Dungeon (1/15)

Altars:


Innate Abilities, Weirdness & Mutations

A weak demonic guardian rushes to your aid.


Message History

The endoplasm hits you.
You slash the endoplasm!
You kill the endoplasm!
Found an escape hatch in the floor.
Found a robe.
Found a viscous orange potion.
Found a stone staircase leading down.
Found a coral ring.
f - a ring of protection from cold
g - a +6 ring of dexterity You feel agile.
g - a +6 ring of dexterity (left hand)
f - a ring of protection from cold (right hand)
h - a viscous orange potion A goblin comes into view.
It is wielding a +0 club.
Found a stone.
The goblin shouts!
Found a cloak.
An endoplasm comes into view.
The goblin barely misses you.
You closely miss the goblin. The goblin hits you with a +0 club.
The goblin misses you.
You hit the goblin but do no damage. The goblin barely misses you.
You hit the goblin.
You kill the goblin!
Things that are here:
a +0 club; a goblin corpse
Found 12 gold pieces.
Things that are here:
a +0 club; a goblin corpse
Found a leather armour.
The endoplasm barely misses you.
You hit the endoplasm but do no damage. The endoplasm misses you.
You hit the endoplasm.
The endoplasm is severely wounded.
The endoplasm closely misses you.
You hit the endoplasm.
You kill the endoplasm!
You have reached level 2!
Your demonic ancestry asserts itself...
You feel the presence of a demonic guardian.
Are you sure you want to abandon this character and quit the game? (Confirm with "yes".)

...........###.........
.......................>
[............##.....#...
..............#.........
...(>.........#.#+##....
..............#.........
............).##........
.........#....##.#......
.......@.##............#
........).#.#.#.........
..........#.#...........
###.......#.#.#.........
...###...#.............
.... ....#.............
... ...[.#..........###
.. ......#.....)...## #
.......#.........#


There were no monsters in sight!

Vanquished Creatures
  2 endoplasms (D:1)
  A quokka (D:1)
  4 goblins (D:1)
7 creatures vanquished.

Notes
Turn   | Place    | Note
-------+----------+-------------------------------------------
     0 | D:1      | Shayle the Demonspawn Reaver began the quest for the Orb.
     0 | D:1      | Reached XP level 1. HP: 16/16 MP: 3/3
   145 | D:1      | Gained mutation: A weak demonic guardian rushes to your
                  | aid. [demonic ancestry]
   145 | D:1      | Reached XP level 2. HP: 22/22 MP: 5/5
   145 | D:1      | Quit the game

Illustrated notes

Levels and vault maps discovered:
D:1:      minmay_arrival_four_circles, layout_basic, serial_shops,
          nicolae_shop_statue_plus, serial_bayou_lagoon_a

Action                   || total
-------------------------++-------
Melee: Hand axe          ||    17
Armor: Leather armour    ||     3
Dodge: Dodged            ||    10

Table legend: (Time is in decaauts)
 A = Elapsed time spent in this place.
 B = Non-inter-level travel time spent in this place.
 C = Inter-level travel time spent in this place.
 D = Time resting spent in this place.
 E = Time spent auto-exploring this place.
 F = Levels seen in this place.
 G = Mean time per level.
                   A        B        C        D        E       F      G
               +--------+--------+--------+--------+--------+-----+--------+
         Total |    146 |    146 |      0 |      0 |     80 |   1 |  146.0 |
       Dungeon |    146 |    146 |      0 |      0 |     80 |   1 |  146.0 |
               +--------+--------+--------+--------+--------+-----+--------+

Top non-repeatable levels by time:
     D:1: 146 daAuts
